 Dungeon Crawl Stone Soup version 0.28-a0-899-gf2b78a14d2 (webtiles) character file.

Game seed: 18388234949162427508

9872 AvatarAndi78 the Cleaver (level 11, -11/97 HPs)
             Began as a Yellow Draconian Berserker on Nov 23, 2021.
             Was an Elder of Trog.
             Mangled by a hornet (12 damage)
             ... while paralysed by a hornet
             ... on level 10 of the Dungeon.
             The game lasted 00:23:18 (11652 turns).

AvatarAndi78 the Cleaver (DrBe)                    Turns: 11652, Time: 00:23:20

Health: -11/97     AC: 11    Str: 24      XL:     11   Next: 28%
Magic:  11/11      EV:  2    Int:  6 (7)  God:    Trog [****..]
Gold:   307        SH:  0    Dex: 19      Spells: 10/10 levels left

rFire   . . .      SeeInvis .   r - +6 battleaxe of Reason {speed, Will- Str+3}
rCold   . . .      Faith    .   (shield currently unavailable)
rNeg    . . .      Spirit   .   (armour unavailable)
rPois   .          Reflect  .   (helmet restricted)
rElec   .          Harm     .   x - +0 cloak
rCorr   +          Rampage  .   (no gloves)
Will    .....                   y - +2 pair of boots
Stlth   +++.......              (no amulet)
HPRegen 0.26/turn               f - +6 ring of dexterity
MPRegen 0.12/turn               k - ring of flight

@: paralysed, lethally poisoned (-11 -> -40), flying, slowed
A: spit acid, AC +7, unfitting armour, cold-blooded, acid resistance, hooves 1
a: Breathe Acid, Renounce Religion, Berserk, Trog's Hand, Brothers in Arms


You were on level 10 of the Dungeon.
You worshipped Trog.
Trog was greatly pleased with you.
You visited 1 branch of the dungeon, and saw 10 of its levels.

You collected 571 gold pieces.
You spent 264 gold pieces at shops.

Inventory:

Hand Weapons
 r - the +6 battleaxe of Reason (weapon) {speed, Will- Str+3}
   (You bought it in a shop on level 3 of the Dungeon)

   Attacks with this weapon are significantly faster.
   Str:       It affects your strength (+3).
   Will:      It decreases your willpower.
 s - a +4 flail of freezing
Missiles
 z - a throwing net (quivered)
Armour
 x - a +0 cloak (worn)
 y - a +2 pair of boots (worn)
Jewellery
 a - a ring of ice
 f - a +6 ring of dexterity (left hand)
 k - a ring of flight (right hand)
 v - a ring of protection from fire
 D - a +6 ring of strength
Wands
 h - a wand of paralysis (23)
 l - a wand of iceblast (14)
 n - a wand of charming (6)
 t - a wand of polymorph (7)
 u - a wand of flame (11)
Scrolls
 b - 2 scrolls of fear
 c - 2 scrolls of fog
 g - 5 scrolls of teleportation
 i - 4 scrolls of enchant armour
 j - a scroll of enchant weapon
 m - a scroll of summoning
 q - a scroll of torment {unknown}
 B - a scroll of identify
 C - a scroll of amnesia {unknown}
Potions
 d - 2 potions of cancellation
 e - 3 potions of curing
 o - 2 potions of ambrosia
 p - a potion of invisibility {unknown}
 w - a potion of resistance {unknown}
 A - a potion of lignification {unknown}


   Skills:
 + Level 9.1 Fighting
 + Level 10.4(12.0) Axes
 + Level 9.4(11.5) Maces & Flails
 + Level 6.9 Dodging
 + Level 4.5 Stealth
 + Level 0.9 Evocations


You had 10 spell levels left.
You didn't know any spells.
Your spell library was empty.

Dungeon Overview and Level Annotations

Branches:
Dungeon (10/15)            Temple (0/1) D:6             Orc (0/2) D:10
   Lair: D:8-11

Altars:
Elyvilon
Gozag
Makhleb
Nemelex Xobeh
Trog
Yredelemnul

Shops:
D:1 (   D:3 (   D:5 :


Innate Abilities, Weirdness & Mutations

You can spit globs of acid.
Your golden yellow scales are hard. (AC +7)
You cannot fit into any form of body armour.
You are cold-blooded and may be slowed by cold attacks.
You are resistant to acid. (rCorr)
You have large cloven feet.


Message History

The yak's corpse dissolves into shadows!
You slash the slime creature! The slime creature hits you! x2
The large slime creature hits you! The slime creature closely misses you.
You closely miss the large slime creature.
The large slime creature is heavily wounded.
You slice the slime creature!! You hit the yak.
You slash the slime creature! x2
You slash the hornet! You slice the slime creature!!
You hit the orange crystal statue. The yak barely misses you.
The slime creature hits you.
The hornet stings you but does no damage.
The slime creature barely misses you.
You slash the orange crystal statue!
You destroy the orange crystal statue!
Trog accepts your kill.
The yak dissolves into shadows! x2
The large slime creature dissolves into shadows!
The slime creature dissolves into shadows! x4
You closely miss the hornet.
You feel less confused. The hornet stings you!
* * * LOW HITPOINT WARNING * * *
You are poisoned.
You suddenly lose the ability to move!
You feel very sick. The hornet barely misses you.
A kobold comes into view. It is wielding a +0 whip.
The hornet stings you but does no damage.
You feel very sick. The hornet stings you.
* * * LOW HITPOINT WARNING * * *
You are lethally poisoned!
You feel yourself slow down.
* * * LOW HITPOINT WARNING * * *
You feel very sick. The hornet stings you!
* * * LOW HITPOINT WARNING * * *
You are more poisoned.
You feel as though you will be slow longer.
The hornet stings you!
You die...

####. #. #K. ###
#.... #.#####.##..#
#.#. #...........# #
#.. #...........# #.
##. ............#
#..###.#
............#
#...#...
.$.....y....# #......
.....$.@....# #..##.#
............###
#..##..
..............#
#..####
..............####..#
.....$......#.......#
............#######.#
......####### #.####
###### #..... ######


You could see a hornet and a kobold (wandering).

Vanquished Creatures
  4 two-headed ogres
  An orange crystal statue (D:10)
  Maurice (D:8)
  2 kobold demonologists (D:9)
  Grinder (D:4)
  A meliai zombie (D:7)
  Sigmund (D:4)
  9 yaks (D:9)
  Eustachio (D:5)
  3 wyverns
  A steam dragon (D:7)
  2 orc warriors
  A hornet zombie (D:9)
  2 ice beasts
  A black bear (D:5)
  A necrophage (D:6)
  2 ogres (D:6)
  2 centaurs
  2 phantoms
  4 bullfrogs
  6 kobold brigands
  A scorpion (D:6)
  A water moccasin skeleton (D:4)
  6 killer bees (D:9)
  4 wights (D:7)
  3 electric eels (D:6)
  A howler monkey (D:4)
  5 jellies
  7 orc priests
  A hound (D:2)
  A centaur skeleton (D:5)
  5 iguanas
  12 orc wizards
  A killer bee zombie (D:8)
  A howler monkey zombie (D:9)
  8 adders
  16 gnolls
  2 ufetubi
  3 adder skeletons
  A worm (D:2)
  34 orcs
  6 ball pythons
  4 endoplasms
  3 giant cockroaches
  A goblin (D:3)
  12 hobgoblins
  2 quokkas
  5 frilled lizards
  43 kobolds
  4 rats
241 creatures vanquished.

Vanquished Creatures (others)
  12 plants (D:3)
12 creatures vanquished.

Grand Total: 253 creatures vanquished

Notes
Turn   | Place    | Note
-------+----------+-------------------------------------------
     0 | D:1      | AvatarAndi78 the Draconian Berserker began the quest for
                  | the Orb.
     0 | D:1      | Reached XP level 1. HP: 19/19 MP: 1/1
    75 | D:1      | Reached XP level 2. HP: 17/26 MP: 2/2
   370 | D:1      | Found Yrphunoje's Weapon Boutique.
   787 | D:2      | Reached XP level 3. HP: 16/33 MP: 3/3
  1093 | D:2      | Reached XP level 4. HP: 23/40 MP: 4/4
  1603 | D:3      | Reached skill level 4 in Axes
  1856 | D:3      | You fall into a shaft and drop 1 floor!
  1863 | D:4      | Reached skill level 1 in Stealth
  1863 | D:4      | Reached XP level 5. HP: 47/47 MP: 5/5
  2160 | D:3      | Gained mutation: You are weak. (Str -2) [potion of
                  | mutation]
  2478 | D:3      | Found Axoc's Antique Weapon Shoppe.
  2832 | D:4      | Reached skill level 1 in Maces & Flails
  2832 | D:4      | Reached XP level 6. HP: 52/53 MP: 6/6
  2869 | D:4      | Reached ** piety under Trog
  3192 | D:4      | Noticed Grinder
  3201 | D:4      | Killed Grinder
  3202 | D:4      | Your scales start taking on a golden yellow colour.
  3202 | D:4      | Reached XP level 7. HP: 60/60 MP: 7/7
  3202 | D:4      | Gained mutation: You are resistant to acid. (rCorr) [Yellow
                  | Draconian growth]
  3341 | D:4      | Noticed Sigmund
  3347 | D:4      | Killed Sigmund
  3348 | D:4      | Reached skill level 5 in Fighting
  3380 | D:4      | Reached skill level 5 in Maces & Flails
  3676 | D:5      | Entered Level 5 of the Dungeon
  3748 | D:5      | Noticed Eustachio
  3779 | D:5      | Killed Eustachio
  3780 | D:5      | Reached XP level 8. HP: 68/68 MP: 8/8
  4133 | D:5      | Found Husipt's Book Emporium.
  4490 | D:5      | Found an opulent altar of Gozag.
  4490 | D:5      | Found a burning altar of Makhleb.
  4571 | D:5      | Found a bloodstained altar of Trog.
  4849 | D:6      | Reached *** piety under Trog
  4894 | D:6      | Reached skill level 5 in Dodging
  5383 | D:6      | Reached XP level 9. HP: 75/75 MP: 9/9
  5693 | D:6      | Found a staircase to the Ecumenical Temple.
  7268 | D:3      | Bought a brightly glowing battleaxe for 264 gold pieces
  7268 | D:3      | Identified the +6 battleaxe of Reason {speed, Will- Str+3}
                  | (You bought it in a shop on level 3 of the Dungeon)
  8281 | D:8      | Noticed a two-headed ogre
  8288 | D:8      | Killed a two-headed ogre
  8289 | D:8      | Reached skill level 5 in Axes
  8499 | D:8      | Reached XP level 10. HP: 77/86 MP: 10/10
  8555 | D:8      | Noticed Maurice
  8565 | D:8      | Killed Maurice
  8566 | D:8      | Reached skill level 6 in Axes
  8579 | D:8      | Lost mutation: You are weak. (Str -2) [potion of mutation]
  8579 | D:8      | Gained mutation: You have large cloven feet. [potion of
                  | mutation]
  9057 | D:8      | Noticed a two-headed ogre
  9065 | D:8      | Killed a two-headed ogre
  9066 | D:8      | Reached skill level 7 in Axes
  9406 | D:8      | Reached **** piety under Trog
  9882 | D:9      | Found a sparkling altar of Nemelex Xobeh.
  9909 | D:9      | Reached skill level 8 in Axes
 10168 | D:9      | Noticed a two-headed ogre
 10175 | D:9      | Killed a two-headed ogre
 10181 | D:9      | Reached skill level 9 in Axes
 10400 | D:9      | Reached XP level 11. HP: 80/95 MP: 11/11
 10978 | D:9      | Noticed a two-headed ogre
 10989 | D:9      | Killed a two-headed ogre
 10990 | D:9      | Reached skill level 10 in Axes
 11117 | D:9      | Found a basalt altar of Yredelemnul.
 11210 | D:9      | Found a white marble altar of Elyvilon.
 11379 | D:10     | Entered Level 10 of the Dungeon
 11547 | D:10     | Found a staircase to the Orcish Mines.
 11633 | D:10     | Noticed an orange crystal statue
 11640 | D:10     | Noticed a centaur warrior
 11649 | D:10     | Killed an orange crystal statue
 11649 | D:10     | Paralysed by a hornet for 3 turns
 11652 | D:10     | HP: 1/97 [hornet (8)]
 11652 | D:10     | Mangled by a hornet

Illustrated notes

Levels and vault maps discovered:
D:1:      nagdon_arrival_zigzag_paths, layout_rooms, serial_shops,
          nicolae_shop_bloodbath_and_beyond
D:2:      layout_rooms
D:3:      layout_loops_ring, serial_shops, nicolae_shop_crystal, serial_forest,
          infiniplex_forest_clump_small, infiniplex_forest_zigzag_1,
          infiniplex_forest_end_2, infiniplex_forest_clump_small,
          infiniplex_forest_clump_cross, kennysheep_potato
D:4:      minmay_angry_zag, layout_loops_ring, uniq_grinder, uniq_sigmund
D:5:      layout_basic, minitemple, serial_shops, shop_fountains, uniq_eustachio
D:6:      minmay_goblin_kobold_castle, layout_layer_cave,
          minmay_temple_entry_wispy, columned_hall_lemuel
D:7:      layout_basic
D:8:      layout_layer_cave, small_statue_intersection, uniq_maurice
D:9:      layout_layer_cave, kennysheep_ying_yang, lemuel_round_altar
D:10:     layout_loops_ring, ashenzari_conservatory_becter, orc_0_dummy,
          grunt_decor_one_mirror, minivault_16, kennysheep_generic_room_15

Skill      XL: |  1  2  3  4  5  6  7  8  9 10 11 |
---------------+----------------------------------+-----
Dodging        | 3 4 5 6 |  6.9
Fighting       | 4 5 6 7 8 9 |  9.1
Axes           | 4 5 9 10 | 10.4
Stealth        | 1 2 3 4 |  4.5
Maces & Flails | 1 3 5 8 9 |  9.4
Evocations     | |  0.9

Action                   |  1- 3 |  4- 6 |  7- 9 | 10-12 || total
-------------------------+-------+-------+-------+-------++-------
Melee: Hand axe          |    53 |    44 |       |       ||    97
       Tailslap          |    12 |    20 |    63 |    29 ||   124
       Flail             |       |    81 |   273 |       ||   354
       Battleaxe         |       |       |    33 |   126 ||   159
       Kick              |       |       |       |     4 ||     4
Invok: Berserk           |     2 |     3 |     4 |     2 ||    11
       Trog's Hand       |       |     1 |     4 |     2 ||     7
 Abil: Breathe Acid      |       |       |    13 |    10 ||    23
Evoke: Wand              |       |       |     7 |     1 ||     8
  Use: Scroll            |       |     7 |     3 |       ||    10
       Potion            |       |     5 |     3 |     1 ||     9
 Stab: Sleeping          |     1 |     6 |     4 |     1 ||    12
       Distracted        |       |     2 |     1 |       ||     3
Armor: Skin              |    13 |    39 |   138 |    47 ||   237
Dodge: Dodged            |    32 |    77 |   257 |   104 ||   470

Table legend: (Time is in decaauts)
 A = Elapsed time spent in this place.
 B = Non-inter-level travel time spent in this place.
 C = Inter-level travel time spent in this place.
 D = Time resting spent in this place.
 E = Time spent auto-exploring this place.
 F = Levels seen in this place.
 G = Mean time per level.
                   A        B        C        D        E       F      G
               +--------+--------+--------+--------+--------+-----+--------+
         Total |  11770 |  11139 |    631 |      0 |   9596 |  10 | 1177.0 |
       Dungeon |  11770 |  11139 |    631 |      0 |   9596 |  10 | 1177.0 |
               +--------+--------+--------+--------+--------+-----+--------+

Top non-repeatable levels by time:
     D:6: 2230 daAuts
     D:9: 1602 daAuts
     D:8: 1497 daAuts
     D:4: 1216 daAuts
     D:5: 1188 daAuts
     D:3: 1107 daAuts
     D:2: 943 daAuts
     D:7: 906 daAuts
     D:1: 810 daAuts
    D:10: 268 daAuts
